 Dungeon Crawl Stone Soup version 0.30.1-9-gdf580d7c3d (webtiles) character file.

Game seed: 3950035309207287547

58 Peloso the Trooper (level 4, 0/40 HPs)
             Began as a Hill Orc Fighter on Oct 17, 2023.
             Succumbed to a scorpion's poison
             ... on level 3 of the Dungeon.
             The game lasted 00:03:12 (1763 turns).

Peloso the Trooper (Hill Orc Fighter)               Turns: 1763, Time: 00:03:13

Health: 0/40       AC:  8    Str: 18    XL:     4   Next: 1%
Magic:  4/4        EV:  9    Int:  8    God:
Gold:   121        SH:  4    Dex: 12    Spells: 3/3 levels left

rFire   . . .        a - +0 long sword
rCold   . . .        d - +0 buckler
rNeg    . . .        b - +0 scale mail
rPois   .            (no helmet)
rElec   .            (no cloak)
rCorr   .            (no gloves)
SInv    .            c - +0 pair of boots
Will    .....        (no amulet) Stlth
                     (no ring)
HPRegen 0.26/turn    (no ring)
MPRegen 0.09/turn

%: no passive effects
@: lethally poisoned (0 -> -13)
A: no striking features
a: no special abilities


You were on level 3 of the Dungeon.
You visited 1 branch of the dungeon, and saw 3 of its levels.

You collected 121 gold pieces.

Inventory:

Hand Weapons
 a - a +0 long sword (weapon)
Armour
 b - a +0 scale mail (worn)
 c - a +0 pair of boots (worn)
 d - a +0 buckler (worn)
Wands
 r - a wand of charming (11)
Scrolls
 f - a scroll of fear
 g - a scroll of enchant armour {unknown}
 h - a scroll of enchant weapon {unknown}
 i - a scroll of poison {unknown}
 j - 5 scrolls of teleportation {unknown}
 m - a scroll of blinking {unknown}
 q - a scroll of vulnerability {unknown}
Potions
 e - 3 potions of curing
 k - a potion of might
 l - a potion of heal wounds
 n - 2 potions of mutation
 p - a potion of berserk rage


   Skills:
 + Level 4.0 Fighting
 + Level 3.5 Long Blades
 + Level 3.8 Armour
 + Level 0.2 Dodging
 + Level 0.1 Stealth
 + Level 3.4 Shields


You had 3 spell levels left.
You didn't know any spells.
Your spell library contained the following spells:

 Spells                   Type           Power      Damage    Failure   Level
 Magic Dart               Conj           0%         1d3       86%         1
 Call Imp                 Summ           0%         N/A       95%         2
 Mephitic Cloud           Conj/Pois/Air  0%         N/A       99%         3


Dungeon Overview and Level Annotations

Branches:
Dungeon (3/15)

Altars:


Message History

a +0 trident; an orc corpse You now have 112 gold pieces (gained 11).
Found a stone staircase leading down.
j - 5 scrolls labelled IPURYSOCEE (gained 1)
You now have 121 gold pieces (gained 9).
A scorpion comes into view.
The scorpion barely misses you.
You hit the scorpion.
The scorpion is lightly wounded.
The scorpion stings you. You block the scorpion's attack.
You hit the scorpion.
The scorpion is lightly wounded.
The scorpion stings you.
You are poisoned.
The scorpion poisons you!
You hit the scorpion.
The scorpion is lightly wounded.
You feel very sick. The scorpion stings you.
You are more poisoned.
The scorpion poisons you!
You closely miss the scorpion.
The scorpion is lightly wounded.
You feel very sick. The scorpion barely misses you. The scorpion stings you.
You are lethally poisoned!
The scorpion poisons you!
You barely miss the scorpion.
The scorpion is lightly wounded.
You feel very sick. The scorpion stings you.
* * * LOW HITPOINT WARNING * * *
You hit the scorpion.
The scorpion is moderately wounded.
* * * LOW HITPOINT WARNING * * *
You feel very sick. The scorpion barely misses you. x2
You barely miss the scorpion.
The scorpion is moderately wounded.
You die...

#)###.# #.# #.#
#.# #.# ### .#
#.# #.. ... .#
#.# ### ##.##.#
#.# .##
.....###.#####
..)
#s...........#
.##..
#@.##.#..###.#
......#..#.###.##
#......## ##.#
##.#..#.###.##
#.#..##.#..### #
#..###.....# #..#
##.##.# #..# #>#
.# #..# #.# #


You could see a scorpion.

Vanquished Creatures
  2 adders
  A dart slug (D:1)
  5 orcs (D:3)
  3 ball pythons
  2 endoplasms (D:2)
  3 goblins
  2 hobgoblins
  2 quokkas
  6 bats
  A frilled lizard (D:1)
  3 kobolds
  2 rats
32 creatures vanquished.

Notes
Turn   | Place    | Note
-------+----------+-------------------------------------------
     0 | D:1      | Peloso the Hill Orc Fighter began the quest for the Orb.
     0 | D:1      | Reached XP level 1. HP: 19/19 MP: 1/1
   473 | D:1      | Reached XP level 2. HP: 15/27 MP: 2/2
  1046 | D:2      | Reached XP level 3. HP: 33/33 MP: 3/3
  1515 | D:3      | Reached skill level 4 in Fighting
  1693 | D:3      | Reached XP level 4. HP: 30/40 MP: 4/4
  1754 | D:3      | Noticed a scorpion
  1763 | D:3      | Succumbed to a scorpion's poison

Illustrated notes

Levels and vault maps discovered:
D:1:      lemuel_arrival_funnel, layout_basic, minmay_misc_feat_columns,
          corexii_corridor_pit
D:2:      layout_rooms, kennysheep_cross_room, glass_columns_c
D:3:      layout_loops_ring, led_sif_book, nicolae_overflow_ecumenical_swirl

Skill      XL: |  1  2  3 |
---------------+----------+-----
Long Blades    | 3 |  3.5
Fighting       | 4 |  4.0
Armour         | |  3.8
Dodging        | |  0.2
Stealth        | |  0.1
Shields        | |  3.4

Action                     |  1- 3 |  4- 6 || total
---------------------------+-------+-------++-------
  Melee: Long sword        |   103 |     7 ||   110
    Use: Potion            |     5 |       ||     5
         Scroll            |     3 |       ||     3
 Armour: Scale mail        |    57 |       ||    57
  Dodge: Dodged            |    60 |     4 ||    64
  Block: Buckler           |    23 |     1 ||    24
